 Dungeon Crawl Stone Soup version 0.19.1-1-g22dce08 (webtiles) character file.

359 Peloso the Slasher (level 6, 0/51 HPs)
             Began as a Ghoul Gladiator on Dec 31, 2016.
             Killed from afar by a white imp (2 damage)
             ... with a puff of frost
             ... summoned by Natasha
             ... on level 4 of the Dungeon.
             The game lasted 00:08:34 (3178 turns).

Peloso the Slasher (Ghoul Gladiator)                Turns: 3178, Time: 00:08:35

Health: 0/51       AC:  9    Str: 19    XL:     6   Next: 65%
Magic:  5/5        EV: 13    Int:  3    God:
Gold:   207        SH:  0    Dex: 11    Spells: 0 memorised, 5 levels left

rFire  . . .     SeeInvis .     a - +0 long sword
rCold  + . .     Gourm    .     b - +0 leather armour
rNeg   + + +     Faith    .     (no shield)
rPois  ∞         Spirit   .     l - +1 helmet
rElec  .         Reflect  .     k - +2 cloak
rCorr  .         Harm     .     g - +0 pair of gloves
MR     .....                    (no boots)
Stlth  +.........               (no amulet)
                                (no ring)
                                (no ring)

@: rotting, slowed, very slow
A: rotting body, claws 1, carnivore 3, cold resistance 1, negative energy
resistance 3, slow regeneration 1, torment resistance, unbreathing
a: no special abilities


You were on level 4 of the Dungeon.
You were not hungry.

You visited 1 branch of the dungeon, and saw 4 of its levels.

You collected 207 gold pieces.

Inventory:

Hand Weapons
 a - a +0 long sword (weapon)
Missiles
 d - 3 throwing nets (quivered)
Armour
 b - a +0 leather armour (worn)
 g - a +0 pair of gloves (worn)
 k - a +2 cloak (worn)
 l - a +1 helmet (worn)
Scrolls
 h - a scroll of blinking
 j - a scroll of remove curse
 m - 2 scrolls of magic mapping
 p - a scroll of teleportation
 t - 2 scrolls of enchant armour
Potions
 c - a potion of lignification {unknown}
 e - 4 potions of curing
 i - a potion of haste {unknown}
 n - a potion of flight {unknown}
 s - a potion of berserk rage {unknown}
Comestibles
 f - 2 meat rations
 q - a beef jerky


   Skills:
 + Level 3.5 Fighting
 + Level 4.5 Long Blades
 + Level 1.8 Throwing
 + Level 2.0 Armour
 + Level 4.1 Dodging
 + Level 1.0 Stealth


You had 5 spell levels left.
You didn't know any spells.

Dungeon Overview and Level Annotations

Branches:
Dungeon (4/15)
 Temple: D:4-7

Altars:
Gozag
Kikubaaqudgha
Qazlal
Vehumet
Yredelemnul
The Shining One

Annotations:
D:4 Natasha


Innate Abilities, Weirdness & Mutations

Your body is rotting away.
You thrive on raw meat.
You are immune to poison.
You have sharp fingernails.
You are carnivorous and can eat meat at any time.
Your flesh is cold resistant. (rC+)
You are immune to negative energy. (rN+++)
You regenerate slowly when monsters are visible.
You are immune to unholy pain and torment.
You can survive without breathing.


Message History

The worker ant waves its antennae.
The worker ant closely misses you.
You riposte.
You barely miss the worker ant.
The worker ant is heavily wounded.
Natasha mumbles some strange words.
The worker ant bites you but does no damage.
You closely miss Natasha.
Natasha is almost dead.
The worker ant bites you.
* * * LOW HITPOINT WARNING * * *
Natasha misses you. The worker ant misses you.
You riposte.
You barely miss the worker ant.
The worker ant is moderately wounded.
Natasha barely misses you.
You riposte.
You hit Natasha but do no damage.
Natasha is almost dead.
You feel better. The worker ant closely misses you.
Natasha claws you but does no damage. The worker ant bites you.
* * * LOW HITPOINT WARNING * * *
The white imp gestures at you. The puff of frost hits you! You resist.
You die...

#...##...##...###....#..
#(............#......#..
#.............#......#..
#...........%.#......'..
#.............##.....#..
#.............########..
#...##...##...#*,,,,,#..
#...##...##...#*.,,,,#..
#......@.#.......,,,,#..
#.....ah5#,......,,,,#..
#........#,,..##.,,,,#.>
#...##...#*,..#*,,,,,#..
#...##...##...##.,,,,#..
#...#............,,,,#..
#...##...........,,,,#..
######...........,,,,#..
*,,,.....##...######+#..


You could see a worker ant, Natasha and a white imp.

Vanquished Creatures
  Eustachio (D:4)
  An orc wizard (D:3)
  2 orc priests (D:4)
  A worker ant (D:4)
  5 adders
  An ooze (D:2)
  3 leopard geckos
  7 orcs
  2 bats
  5 giant cockroaches
  4 goblins
  5 hobgoblins
  10 jackals
  2 quokkas
  2 ball pythons (D:3)
  5 frilled lizards
  3 kobolds
  6 rats
65 creatures vanquished.

Notes
Turn   | Place    | Note
-------+----------+-------------------------------------------
     0 | D:1      | Peloso the Ghoul Gladiator began the quest for the Orb.
     0 | D:1      | Reached XP level 1. HP: 17/17 MP: 0/0
   140 | D:1      | Reached XP level 2. HP: 14/25 MP: 1/1
   734 | D:2      | You fall through a shaft!
   734 | D:3      | Found a stormy altar of Qazlal.
   734 | D:3      | Found an ancient bone altar of Kikubaaqudgha.
   734 | D:3      | Found a basalt altar of Yredelemnul.
   754 | D:2      | Found an opulent altar of Gozag.
   829 | D:2      | Reached XP level 3. HP: 29/30 MP: 2/2
  1259 | D:3      | Reached skill level 1 in Armour
  1259 | D:3      | Reached XP level 4. HP: 24/36 MP: 3/3
  1459 | D:3      | Reached XP level 5. HP: 31/44 MP: 4/4
  1522 | D:3      | Found a glowing golden altar of the Shining One.
  1523 | D:3      | Found a radiant altar of Vehumet.
  2009 | D:4      | Noticed Eustachio
  2702 | D:4      | Killed Eustachio
  2702 | D:4      | Reached XP level 6. HP: 12/50 MP: 5/5
  2949 | D:4      | Reached skill level 1 in Stealth
  3157 | D:4      | Noticed Natasha
  3177 | D:4      | HP: 1/50 [worker ant (3)]
  3178 | D:4      | Killed from afar by a white imp

Skill      XL: |  1  2  3  4  5  6 |
---------------+-------------------+-----
Dodging        | 3 4 |  4.1
Long Blades    | 3 4 |  4.5
Armour         | 1 2 |  2.0
Fighting       | 3 |  3.5
Stealth        | 1 |  1.0
Throwing       | |  1.8

Action                   |  1- 3 |  4- 6 || total
-------------------------+-------+-------++-------
Melee: Long sword        |   105 |   176 ||   281
  Use: Scroll            |       |     9 ||     9
       Potion            |       |     2 ||     2
  Eat: Chunk             |     4 |     9 ||    13
Armor: Leather armour    |    46 |    98 ||   144
Dodge: Dodged            |    86 |   191 ||   277
       Rpst.: Long sword |    23 |    60 ||    83
